 Dungeon Crawl Stone Soup version 0.31-a0-983-g7b6862f502 (webtiles) character file.

Game seed: 14097298926395345023

108 Forgeling the Scratcher (level 4, 19/19 HPs)
             Began as a Felid Shapeshifter on Nov 2, 2023.
             Was a Follower of Okawaru.
             Quit the game on level 2 of the Dungeon.
             The game lasted 00:03:04 (1866 turns).

Forgeling the Scratcher (Felid Shapeshifter)        Turns: 1866, Time: 00:03:04

Health: 19/19      AC:  1    Str: 10    XL:     4   Next: 58%
Magic:  5/5        EV: 17    Int: 13    God:    Okawaru [*.....]
Gold:   183        SH:  0    Dex: 15    Spells: 3/3 levels left
                                        Lives:  1   Deaths: 1

rFire   . .          .
                       - Unarmed
rCold   . . .        (shield unavailable)
rNeg    . . .        (body armour unavailable)
rPois   .            (helmet unavailable)
rElec   .            (cloak unavailable)
rCorr   .            (gloves unavailable)
SInv    +            (boots unavailable)
Will    .....        (no amulet)
Stlth   +            m - ring of wizardry
HPRegen 0.23/turn    (no ring)
MPRegen 0.09/turn

%: wizardry (x1)
@: beast-form, quick
A: beast (slay +1), very small, claws 1, fangs 3, see invisible, speed 1, shaggy
fur 1, stealthy paws, no weapons or thrown items, no armour, multi-lived
a: Begin Untransformation, Renounce Religion, Heroism


You were on level 2 of the Dungeon.
You worshipped Okawaru.
Okawaru was aware of your devotion.
You were a hulking beast.
You visited 1 branch of the dungeon, and saw 2 of its levels.

You collected 183 gold pieces.

Inventory:

Jewellery
 m - a ring of wizardry (left paw)
Talismans
 b - a beast talisman (active)
 c - a flux talisman
 j - a serpent talisman
Scrolls
 d - a scroll of poison {unknown}
 e - a scroll of enchant armour {unknown}
 f - a scroll of identify {unknown}
 h - a scroll of fear {unknown}
 i - 2 scrolls of teleportation {unknown}
 k - a scroll of immolation {unknown}
 n - a scroll of amnesia {unknown}
Potions
 a - a potion of might {unknown}
 g - a potion of berserk rage {unknown}
 l - a potion of heal wounds {unknown}
 W - a potion of lignification


   Skills:
 - Level 1.0 Fighting
 - Level 2.6 Dodging
 + Level 5.4 Unarmed Combat
 - Level 3.2 Shapeshifting


You had 3 spell levels left.
You didn't know any spells.
Your spell library contained the following spells:

 Spells                   Type           Power      Damage    Failure   Level
 Hailstorm                Conj/Ice       0%         3d3       34%         3
 Summon Ice Beast         Ice/Summ       Unusable   N/A       N/A         4
 Simulacrum               Ice/Necr       Unusable   N/A       N/A         6

Dungeon Overview and Level Annotations

Branches:
Dungeon (2/15)

Altars:
Okawaru


Innate Abilities, Weirdness & Mutations

You are a hulking beast.
Your limbs bulge with bestial killing power. (Slay +1)
You have sharp claws.
You have razor-sharp teeth.
You have supernaturally acute eyesight. (SInv)
You cover ground quickly. (Speed+)
You are covered in fur. (AC +1)
Your paws help you pounce on unaware monsters.
You are incapable of wielding weapons or throwing items.
You cannot wear armour.
You gain extra lives every three experience levels.


Message History

You claw the quokka!
You kill the quokka!
No target in view!
No target in view!
No target in view!
No target in view!
No target in view!
No target in view!
You now have 183 gold pieces (gained 11).
A goblin comes into view. It is wielding a +0 club.
The goblin shouts!
A goblin is nearby!
A goblin is nearby!
A goblin is nearby!
The goblin hits you with a +0 club.
You claw the goblin!
You kill the goblin!
No target in view!
No target in view! a +0 club; a goblin corpse
Found a dagger. a +0 club; a goblin corpse No target in view!
You see here a +0 club.
There is a shaft here.
You see here a +0 club.
Partly explored, can't reach some places.
Partly explored, can't reach some places.
Partly explored, can't reach some places.
Partly explored, can't reach some places.
m - a ring of wizardry (left paw)
Okay, then.
Unknown command.
Unknown command.
Unknown command.
Okay, then.
Unknown command.
Unknown command.
Unknown command.
Are you sure you want to abandon this character and quit the game? (Confirm with "yes".)

##########................#.##.##
#................#......
#.#######........#.##### #.#
#........#.# #.# ######...#.# #.#
########...#.# #.# #.........<#.#
#.#####.######.###.# #......h##
#.....#
################..########.######
...#....##.........#..##..).^)...
...#.##..##..##.......##..##.####
.#.#..##..##..##...##.....##.#...
.#.....##..##.†##..##...#....#.##
.#......##......##....#....###...
############################ ####


There were no monsters in sight!

Vanquished Creatures
  A gnoll (D:1)
  4 adders (D:2)
  3 dart slugs
  A worm (D:2)
  3 endoplasms
  5 giant cockroaches
  5 goblins
  2 hobgoblins
  11 kobolds
  4 quokkas
  6 ball pythons
  4 frilled lizards
  4 rats
53 creatures vanquished.

Notes
Turn   | Place    | Note
-------+----------+-------------------------------------------
     0 | D:1      | Forgeling the Felid Shapeshifter began the quest for the
                  | Orb.
     0 | D:1      | Reached XP level 1. HP: 9/9 MP: 2/2
    47 | D:1      | Slain by a gnoll
    72 | D:1      | Reached XP level 2. HP: 4/12 MP: 3/3
   256 | D:1      | Reached skill level 4 in Unarmed Combat
   439 | D:1      | Reached XP level 3. HP: 15/15 MP: 4/4
   897 | D:2      | Found a faded altar of an unknown god.
   906 | D:2      | Prayed at the altar of an unknown god.
   906 | D:2      | Became a worshipper of Warmaster Okawaru
   906 | D:2      | Reached * piety under Okawaru
  1123 | D:2      | Reached XP level 4. HP: 6/19 MP: 5/5
  1225 | D:2      | Reached skill level 5 in Unarmed Combat
  1866 | D:2      | Quit the game

Illustrated notes

Levels and vault maps discovered:
D:1:      dpeg_arrival_radiant, layout_loops_ring, solitary_fountain, hex_medium
D:2:      minmay_thinvault, layout_basic, shapermc_ecumenical_altar_gd,
          serial_bayou_lake_a

Skill      XL: |  1  2  3  4 |
---------------+-------------+-----
Unarmed Combat | 4 5 |  5.4
Fighting       | |  1.0
Dodging        | |  2.6
Shapeshifting  | |  3.2

Action                     |  1- 3 |  4- 6 || total
---------------------------+-------+-------++-------
  Melee: Unarmed           |    77 |    30 ||   107
         Bite              |     5 |     5 ||    10
         Punch             |     3 |     2 ||     5
   Stab: Sleeping          |     1 |     1 ||     2
 Armour: Skin              |    14 |     6 ||    20
  Dodge: Dodged            |    44 |    19 ||    63
   Form: Beast             |     1 |       ||     1

Table legend: (Time is in decaauts)
 A = Elapsed time spent in this place.
 B = Non-inter-level travel time spent in this place.
 C = Inter-level travel time spent in this place.
 D = Time resting spent in this place.
 E = Time spent auto-exploring this place.
 F = Levels seen in this place.
 G = Mean time per level.
                   A        B        C        D        E       F      G
               +--------+--------+--------+--------+--------+-----+--------+
         Total |   1590 |   1565 |     25 |      0 |   1283 |   2 |  795.0 |
       Dungeon |   1590 |   1565 |     25 |      0 |   1283 |   2 |  795.0 |
               +--------+--------+--------+--------+--------+-----+--------+

Top non-repeatable levels by time:
     D:2: 912 daAuts
     D:1: 678 daAuts
